Map: New Repugnancy LE

Players

Mesrob

  • Race: Terran Terran
  • Spawn Location: 7:00

Ownface - Winner!

  • Race: Terran Terran
  • Spawn Location: 1:00

VOD

Have the link to the VOD?

Description

Time

  • Played on: Jan. 22, 2019, 2:30 p.m.
  • Length: 15:49
Show
View Real Time Build Order
Export as new Build Order

Mesrob Terran 

Build Orders: Mech 

Get SALT Encoding   

  12  0:00  SCV  
  13  0:15  SCV  
  13  0:19  Supply Depot  
  14  0:27  SCV  
  15  0:40  SCV  
  15  0:42  Barracks  
  16  0:53  Refinery, SCV  
  17  1:05  SCV  
  18  1:17  SCV  
  19  1:29  Orbital Command  
  19  1:42  Command Center  
  19  1:49  Marine  
  20  1:56  SCV  
  20  2:08  SCV  
  20  2:12  Bunker  
  20  2:15  Marine  
  21  2:22  Factory  
  22  2:25  SCV  
  23  2:39  Supply Depot  
  23  2:52  Barracks Tech Lab  
  23  2:54  SCV  
  23  2:58  Engineering Bay  
  24  3:03  Supply Depot  
  24  3:05  Refinery  
  24  3:06  SCV  
  24  3:09  Orbital Command  
  25  3:18  SCV  
  26  3:22  Siege Tank  
  29  3:28  Refinery  
  29  3:30  SCV  
  29  3:31  Armory  
  30  3:42  SCV  
  30  3:45  SCV  
  32  3:50  Marine  
  32  3:54  SCV  
  34  4:06  Factory  
  34  4:10  Siege Tank  
  34  4:14  Refinery  
  37  4:17  SCV  
  37  4:18  SCV  
  39  4:26  Terran Vehicle Weapons Level 1  
  39  4:28  Supply Depot  
  39  4:29  SCV  
  39  4:30  SCV  
  41  4:32  Missile Turret  
  41  4:35  Missile Turret  
  41  4:41  Missile Turret, SCV  
  42  4:45  Siege Tank  
  42  4:50  Supply Depot  
  45  4:54  Factory Reactor  
  44  5:22  SCV  
  44  5:23  SCV  
  46  5:35  Hellbat, SCV x2  
  50  5:38  Command Center  
  50  5:40  Factory  
  50  5:47  SCV x2  
  52  5:59  SCV x2  
  54  6:08  Hellbat x2  
  54  6:10  Thor  
  54  6:11  SCV x2  
  66  6:23  SCV x2  
  66  6:24  Terran Vehicle And Ship Armor Level 1  
  68  6:35  SCV x2  
  68  6:37  Supply Depot  
  70  6:45  Factory Reactor  
  70  6:47  SCV x2  
  70  6:48  Factory  
  70  6:51  Hellbat x2  
  76  6:59  Supply Depot  
  72  7:17  Thor  
  72  7:24  Supply Depot  
  70  7:45  Missile Turret  
  69  8:01  Factory  
  69  8:02  Factory Tech Lab  
  69  8:14  Thor  
  69  8:16  Hellbat x4  
  69  8:18  Terran Vehicle Weapons Level 2  
  83  8:28  Supply Depot  
  67  8:55  Thor  
  69  8:57  Thor  
  72  9:54  SCV x2  
  74  10:00  Planetary Fortress  
  74  10:06  SCV  
  69  10:15  Hellbat x5  
  69  10:18  Hellbat x2  
  69  10:36  Hellbat x2  
  69  10:37  Hellbat x3  
  46  11:19  Hellion x3  
  46  11:20  Hellion x4  
  46  11:36  SCV  
  46  11:37  SCV x2  
  47  11:48  SCV  
  26  12:20  SCV  
  27  12:25  Refinery  
  27  12:32  SCV  
  28  12:42  Missile Turret  
  28  12:44  SCV  
  29  12:51  Thor  
  29  12:56  SCV  
  36  13:00  Missile Turret  
  36  13:21  Missile Turret  
  36  13:28  SCV  
  34  13:40  SCV  
  35  13:43  Missile Turret  
  35  13:52  Hellion x7  
  35  13:57  Factory Tech Lab  
  35  13:58  Factory Tech Lab  
  34  14:08  Missile Turret  
  34  14:09  Factory Tech Lab  
  33  14:24  Thor  
  33  14:25  Thor  
  33  14:28  Missile Turret  
  45  14:36  Missile Turret  
  43  14:48  Missile Turret  
  42  14:55  Missile Turret  
Show
View Real Time Build Order
Export as new Build Order

Ownface Terran - Winner!

Build Orders:  

Get SALT Encoding   

  12  0:03  SCV  
  13  0:16  Supply Depot  
  13  0:19  SCV  
  14  0:31  SCV  
  15  0:39  Barracks  
  15  0:43  SCV  
  16  0:54  Refinery  
  16  0:59  SCV  
  17  1:15  SCV  
  18  1:26  Marine  
  18  1:29  Orbital Command  
  19  1:44  Marine  
  20  1:50  Command Center  
  20  1:55  SCV  
  21  2:10  SCV  
  21  2:11  Marine  
  21  2:15  Refinery  
  23  2:19  Factory  
  23  2:37  Engineering Bay  
  23  2:41  SCV  
  23  2:56  Command Center  
  23  3:01  Marine  
  23  3:02  SCV  
  25  3:13  Starport  
  25  3:16  SCV  
  25  3:18  Widow Mine  
  28  3:33  SCV  
  29  3:40  Barracks Tech Lab  
  29  3:44  Widow Mine  
  29  3:45  SCV  
  29  3:46  SCV  
  33  3:49  Medivac  
  35  3:57  Fusion Core, SCV  
  35  3:58  SCV  
  37  4:10  SCV  
  37  4:11  Orbital Command  
  37  4:12  Refinery  
  38  4:22  SCV  
  39  4:29  Missile Turret  
  39  4:31  Starport Tech Lab  
  39  4:36  Starport  
  39  4:37  SCV  
  40  4:40  SCV  
  40  4:47  Planetary Fortress  
  40  4:49  SCV  
  40  4:52  SCV  
  40  5:01  SCV  
  40  5:04  SCV  
  40  5:13  SCV  
  39  5:16  SCV  
  38  5:25  Refinery, SCV  
  39  5:28  Starport Tech Lab  
  39  5:29  SCV  
  40  5:37  SCV  
  40  5:41  SCV  
  42  5:45  Command Center, Battlecruiser  
  42  5:46  Hellion, Supply Depot  
  42  5:47  Supply Depot  
  50  5:53  SCV  
  50  5:56  SCV  
  52  6:01  Cloaking Field  
  52  6:07  Banshee  
  52  6:08  SCV  
  52  6:09  Supply Depot  
  52  6:10  Supply Depot  
  56  6:13  Weapon Refit  
  58  6:18  Widow Mine  
  58  6:24  SCV  
  59  6:33  Missile Turret  
  59  6:35  Missile Turret x2  
  59  6:36  SCV  
  60  6:45  SCV  
  61  6:48  SCV  
  61  6:52  SCV  
  63  6:57  SCV  
  63  7:00  SCV  
  65  7:02  Refinery  
  65  7:04  SCV  
  65  7:05  Refinery  
  65  7:06  Battlecruiser  
  72  7:13  Battlecruiser  
  72  7:15  Marine  
  79  7:16  SCV  
  79  7:20  SCV  
  79  7:21  SCV  
  82  7:28  SCV  
  83  7:32  Marine, SCV  
  83  7:33  SCV  
  86  7:45  SCV  
  86  7:46  Widow Mine  
  83  7:53  Planetary Fortress  
  83  7:57  SCV  
  83  7:58  Missile Turret  
  84  8:09  SCV  
  85  8:15  SCV  
  86  8:24  Stimpack  
  86  8:27  SCV  
  87  8:43  Barracks  
  87  8:44  Barracks x2  
  87  8:45  Barracks x2  
  87  8:46  Barracks x2  
  81  9:08  Battlecruiser x2  
  81  9:09  Factory Tech Lab  
  93  9:12  SCV  
  93  9:14  Supply Depot  
  93  9:15  Terran Infantry Weapons Level 1, Armory  
  88  9:17  Supply Depot  
  88  9:21  Engineering Bay  
  88  9:24  SCV  
  89  9:28  Command Center  
  86  9:40  Siege Tank  
  86  9:43  Marine x3  
  86  9:44  Marine x3  
  93  9:53  Marauder  
  93  9:59  Marine  
  94  10:00  Supply Depot  
  94  10:01  Marine x6  
  94  10:03  Concussive Shells  
  99  10:12  Siege Tank  
  100  10:14  Marauder  
  100  10:17  Marine  
  100  10:19  Marine x6  
  101  10:35  Marine  
  90  10:36  Marauder, Marine  
  90  10:37  Marine  
  90  10:38  Supply Depot x2  
  90  10:40  Supply Depot x2  
  90  10:42  Supply Depot  
  84  10:43  Supply Depot x2  
  84  10:44  Siege Tank  
  84  10:49  Orbital Command  
  80  10:55  Battlecruiser  
  84  10:57  Marauder  
  72  11:13  Barracks Reactor  
  72  11:14  Barracks Reactor x3  
  66  11:18  Marauder  
  60  11:27  Supply Depot  
  60  11:30  Supply Depot x2  
  55  11:36  Marine  
  55  11:37  Marine x2  
  58  11:45  Combat Shield  
  50  11:54  Marine  
  45  12:05  Supply Depot  
  45  12:08  Battlecruiser  
  48  12:10  SCV  
  49  12:19  Orbital Command  
  49  12:22  SCV  
  50  12:23  Battlecruiser  
  50  12:26  Terran Vehicle And Ship Armor Level 1  
  53  12:45  Widow Mine  
  55  12:51  Terran Infantry Weapons Level 2  
  55  12:59  SCV  
  55  13:02  SCV  
  57  13:06  Widow Mine  
  57  13:11  SCV  
  60  13:14  SCV  
  61  13:22  Terran Infantry Armor Level 1  
  61  13:23  SCV  
  61  13:26  SCV  
  63  13:28  Widow Mine  
  65  13:35  SCV  
  65  13:38  SCV  
  67  13:48  SCV  
  62  13:57  Marine  
  62  13:58  Marine x10  
  62  14:00  SCV  
  62  14:01  SCV  
  75  14:15  Marine  
  75  14:16  Marine x10  
  86  14:17  Battlecruiser  
  86  14:23  Refinery  
  86  14:24  Refinery  
  88  14:37  Supply Depot  
  88  14:38  Command Center  
  86  14:39  Supply Depot  
  86  14:40  Marauder  
  71  15:21  Marine x3  
  69  15:22  Marine x8  
Tags
 
Composition
Mech
Matchup
TvT
Race
Terran
Replay Pack
sc2 replays
Spawn Locations
Cross Positions
Add a new tag
Caveats
  • Supply blocks, unpowered buildings, or Contaminate may cause inaccurate times.
  • Supply counts are checked every 10 seconds.